AoeStats
← ngannv951

Four Lakes

508666420Analyzed
1v1 RM · 8d ago on Sep 23, 2026· 75m 11s· 2 players
Game mode
Random Map
Map size
Tiny (2 player)
Population
200
Speed
Normal
Resources
Standard
Victory
Conquest
Starting age
Dark Age
Ending age
Imperial Age
RankedLock teamsTeams togetherTeam positionsShared explorationLock speedFull tech treeHidden civsTurbo modeCheats
Victory
Defeat
🇻🇳 Byzantines · Vietnam
678
+16
🇺🇸 Saxons · United States
676
-16
Frokei
10:13 Feudal Age
10:57 Double-Bit Axe
18:09 Forging
18:01 Scale Mail Armor
20:32 Castle Age
18:15 Man-at-Arms
18:57 Gold Mining
19:49 Arson
20:24 Fletching
20:35 Padded Archer Armor
21:51 Gambesons
22:07 Squires
23:04 Wheelbarrow
23:21 Chain Mail Armor
23:07 Long Swordsman
24:44 Iron Casting
25:06 Pikeman
37:37 Imperial Age
35:25 Hand Cart
38:04 Capped Ram
39:54 Plate Mail Armor
39:21 Bodkin Arrow
41:03 Shield Wall
42:06 Two-Handed Swordsman
43:29 Halberdier
45:46 Conscription
53:03 Champion
53:59 Loom
63:23 Murder Holes
63:49 Ballistics
ngannv951
11:31 Feudal Age
12:00 Double-Bit Axe
12:05 Fishing Lines
17:32 Castle Age
19:08 Bow Saw
21:39 Fletching
23:21 Wheelbarrow
27:16 Gold Mining
27:30 Gillnets
28:43 Man-at-Arms
29:09 Gambesons
29:40 Scale Mail Armor
37:09 Imperial Age
36:08 Gold Shaft Mining
36:50 Long Swordsman
37:51 Two-Handed Swordsman
40:48 Cavalier
41:29 Husbandry
44:32 Champion
47:47 Bodkin Arrow
48:04 Forging
48:10 Chain Mail Armor
54:27 Scale Barding Armor
54:46 Conscription
55:41 Champion
56:23 Squires
56:10 Arson
57:47 Elite Cataphract
59:28 Chain Barding Armor
Connection lost

Rejoining the realm…

Still unreachable

The connection could not be restored.

Session expired

The server has moved on; the page needs a fresh start.